 Dungeon Crawl Stone Soup version 0.29-a0-474-gdfe5cd140f (webtiles) character file.

Game seed: 10363628399630574288

161 roflturtle the Conjurer (level 5, -3/28 HPs)
             Began as a Tengu Fire Elementalist on May 23, 2022.
             Slain by Natasha (7 damage)
             ... on level 4 of the Dungeon.
             The game lasted 00:10:31 (4026 turns).

roflturtle the Conjurer (Tengu Fire Elementalist)   Turns: 4026, Time: 00:10:32

Health: -3/28      AC:  2    Str:  8    XL:     5   Next: 42%
Magic:  3/10       EV: 14    Int: 18    God:
Gold:   131        SH:  0    Dex: 14    Spells: 4/10 levels left

rFire   . . .      SeeInvis .   l - +0 dagger (venom)
rCold   . . .      Faith    .   (no shield)
rNeg    . . .      Spirit   .   a - +0 robe
rPois   .          Reflect  .   (helmet restricted)
rElec   .          Harm     .   (no cloak)
rCorr   .          Rampage  .   (no gloves)
Will    .....                   (boots unavailable)
Stlth   ++........              (no amulet)
HPRegen 0.09/turn               (no ring)
MPRegen 0.12/turn               (no ring)

@: flying quickly and evasively, slowed, very slow
A: beak, talons 3, nimble flight
a: no special abilities


You were on level 4 of the Dungeon.
You visited 1 branch of the dungeon, and saw 4 of its levels.

You collected 131 gold pieces.

Inventory:

Hand Weapons
 f - a +0 dagger
 l - a +0 dagger of venom (weapon)
Armour
 a - a +0 robe (worn)
Scrolls
 d - 5 scrolls of teleportation {unknown}
 e - 2 scrolls of enchant weapon {unknown}
 g - a scroll of poison {unknown}
 h - a scroll of noise {unknown}
 j - a scroll of identify {unknown}
 k - 2 scrolls of amnesia {unknown}
 m - a scroll of torment {unknown}
 n - a scroll of magic mapping {unknown}
 o - a scroll of fear {unknown}
 p - 2 scrolls of fog {unknown}
Potions
 b - a potion of magic
 c - a potion of haste {unknown}
 i - 2 potions of curing {unknown}
 q - a potion of brilliance {unknown}


   Skills:
 - Level 2.1 Dodging
 - Level 2.0 Stealth
 - Level 3.0 Spellcasting
 + Level 4.8 Conjurations
 - Level 4.3 Fire Magic


You had 4 spell levels left.
You knew the following spells:

 Your Spells              Type           Power      Damage    Failure   Level
a - Foxfire               Conj/Fire      76%        2x1d7     2%          1
b - Scorch                Fire           36%        2d6       4%          2
c - Inner Flame           Hex/Fire       10%        N/A       21%         3

Your spell library contained the following spells:

 Spells                   Type           Power      Damage    Failure   Level
 Conjure Flame            Conj/Fire      19%        6-21      8%          3
 Flame Wave               Conj/Fire      19%        2d6       24%         4
 Gell's Gravitas          Tloc           2%         N/A       43%         3
 Lesser Beckoning         Tloc           2%         N/A       43%         3
 Ozocubu's Armour         Ice            2%         N/A       43%         3
 Teleport Other           Tloc           2%         N/A       43%         3
 Ozocubu's Refrigeration  Ice            1%         4d5       100%        7


Dungeon Overview and Level Annotations

Branches:
Dungeon (4/15)
 Temple: D:4-7

Altars:

Shops:
D:1 *   D:2 (

Annotations:
D:3 1 transporter, jujuben's ghost, weakling DrCj
D:4 Natasha


Innate Abilities, Weirdness & Mutations

You have a beak for a mouth.
You have claws for feet.
Your magical nature lets you fly swiftly and evasively.


Message History

An iguana comes into view.
The iguana hisses angrily.
Natasha, Servant of Life and Death comes into view.
You conjure some foxfire!
Natasha hisses angrily.
The iguana bites you!
You conjure some foxfire!
The foxfire hits the iguana but does no damage. x2
The iguana barely misses you.
You conjure some foxfire!
The foxfire hits the iguana.
The iguana is lightly wounded.
The foxfire hits the iguana.
The iguana is lightly wounded.
The iguana closely misses you.
Natasha stares at you and mumbles some strange words.
The magic dart hits you.
You conjure some foxfire!
The foxfire hits the iguana.
The iguana is lightly wounded.
The iguana bites you but does no damage.
The foxfire hits Natasha.
Natasha is moderately wounded.
You conjure some foxfire!
The foxfire hits Natasha.
Natasha is moderately wounded.
The foxfire hits Natasha.
Natasha is heavily wounded.
The iguana bites you!
* * * LOW HITPOINT WARNING * * *
The foxfire hits the iguana.
The iguana is moderately wounded.
The foxfire hits Natasha but does no damage.
Natasha is heavily wounded.
Natasha casts a spell at you.
You feel yourself slow down.
Casting: Foxfire (safe; 2% risk of failure)
Confirm with . or Enter, or press ? or * to list all spells.
Flames lash the iguana.
The iguana is almost dead.
The iguana's fire resistance burns away.
The iguana closely misses you. Natasha claws you!
You die...

#. #..#. #.# ...#.
#.###...#. #
#.......# #.
#.......# #..
#.......## #...
#.........
#....##hl.......
#.#......@########
#.#.#####.#
#.#.#...#.######
#.#.#............
#...###.#.#######
#...#..........
#...##..#.#####
###.##..#.#
#.........#


You could see an iguana (combustible) and Natasha.

Vanquished Creatures
  A hound (D:4)
  Natasha (D:4)
  4 adders
  6 endoplasms
  2 giant cockroaches (D:4)
  10 goblins
  10 hobgoblins
  4 jackals (D:2)
  4 kobolds
  6 quokkas
  6 ball pythons
  4 bats
  4 frilled lizards
62 creatures vanquished.

Vanquished Creatures (others)
  210 foxfires
210 creatures vanquished.

Grand Total: 272 creatures vanquished

Notes
Turn   | Place    | Note
-------+----------+-------------------------------------------
     0 | D:1      | roflturtle the Tengu Fire Elementalist began the quest for
                  | the Orb.
     0 | D:1      | Reached XP level 1. HP: 10/10 MP: 4/4
   181 | D:1      | Reached XP level 2. HP: 15/15 MP: 3/6
   347 | D:1      | Found Zoniacw's Assorted Antiques.
   601 | D:1      | Reached XP level 3. HP: 19/19 MP: 1/7
   604 | D:1      | Learned a level 2 spell: Scorch
   608 | D:1      | Learned a level 3 spell: Inner Flame
  1952 | D:2      | Found Nofayt's Antique Weapon Shop.
  1957 | D:2      | Reached XP level 4. HP: 24/24 MP: 4/8
  3243 | D:3      | Identified the +6 giant club of Valuable Assets {speed,
                  | Int+4}
  3243 | D:3      | Noticed an ogre
  3245 | D:3      | Noticed jujuben's ghost (weakling DrCj)
  3247 | D:3      | Found a transporter.
  3781 | D:4      | Noticed Natasha
  3786 | D:4      | Killed Natasha
  3787 | D:4      | Gained mutation: Your magical nature lets you fly swiftly
                  | and evasively. [Tengu growth]
  3787 | D:4      | Reached XP level 5. HP: 28/28 MP: 4/10
  4018 | D:4      | Noticed Natasha
  4026 | D:4      | Slain by Natasha

Illustrated notes

Levels and vault maps discovered:
D:1:      minmay_arrival_radiant_lines, layout_basic, serial_shops,
          nicolae_shop_overgrown_old_shop
D:2:      layout_basic, serial_shops, shop, amcnicky_mini_pool_small
D:3:      layout_basic, gammafunk_ghost_smash
D:4:      layout_basic, cheibriados_altar_1,
          minmay_temple_entry_enclosed_plants, gammafunk_ghost_split,
          serial_shops, shop, uniq_menkaure, uniq_blork_the_orc, uniq_natasha

Skill      XL: |  1  2  3  4 |
---------------+-------------+-----
Conjurations   | 2 3 4 |  4.8
Fire Magic     | 4 |  4.3
Spellcasting   | 3 |  3.0
Dodging        | |  2.1
Stealth        | |  2.0

Action                   |  1- 3 |  4- 6 || total
-------------------------+-------+-------++-------
Melee: Unarmed           |     1 |       ||     1
       Dagger            |    10 |    12 ||    22
       Kick              |     2 |     3 ||     5
       Peck              |     1 |     2 ||     3
 Cast: Foxfire           |    78 |    53 ||   131
       Scorch            |     2 |     2 ||     4
 Stab: Sleeping          |       |     1 ||     1
Armor: Robe              |     4 |     1 ||     5
Dodge: Dodged            |     8 |    11 ||    19

Table legend: (Time is in decaauts)
 A = Elapsed time spent in this place.
 B = Non-inter-level travel time spent in this place.
 C = Inter-level travel time spent in this place.
 D = Time resting spent in this place.
 E = Time spent auto-exploring this place.
 F = Levels seen in this place.
 G = Mean time per level.
                   A        B        C        D        E       F      G
               +--------+--------+--------+--------+--------+-----+--------+
         Total |   4017 |   3916 |    101 |      0 |   3571 |   4 | 1004.2 |
       Dungeon |   4017 |   3916 |    101 |      0 |   3571 |   4 | 1004.2 |
               +--------+--------+--------+--------+--------+-----+--------+

Top non-repeatable levels by time:
     D:1: 1368 daAuts
     D:2: 1109 daAuts
     D:3: 1080 daAuts
     D:4: 458 daAuts
